 Dungeon Crawl Stone Soup version 0.21-a0-538-gd16b88a (webtiles) character file.

127 slep the Chopper (level 4, -1/34 HPs)
             Began as a Demonspawn Gladiator on Dec 17, 2017.
             Slain by a worker ant (4 damage)
             ... on level 4 of the Dungeon.
             The game lasted 00:06:10 (2485 turns).

slep the Chopper (Demonspawn Gladiator)             Turns: 2485, Time: 00:06:11

Health: -1/34      AC:  3    Str: 14    XL:     4   Next: 85%
Magic:  4/4        EV: 13    Int:  9    God:
Gold:   95         SH:  0    Dex: 16    Spells: 3/3 levels left

rFire    . . .     SeeInvis .   a - +0 war axe
rCold    . . .     Gourm    .   (no shield)
rNeg     . . .     Faith    .   b - +0 leather armour
rPois    .         Spirit   .   (helmet restricted)
rElec    .         Reflect  .   (no cloak)
rCorr    .         Harm     .   (no gloves)
MR       .....                  (no boots)
Stlth    +.........             (no amulet)
HPRegen  0.11/turn              r - ring of flight
MPRegen  0.09/turn              (no ring)

@: no status effects
A: antennae 1
a: Evoke Flight


You were on level 4 of the Dungeon.
You were not hungry.

You visited 1 branch of the dungeon, and saw 4 of its levels.

You collected 95 gold pieces.

Inventory:

Hand Weapons
 a - a +0 war axe (weapon)
Missiles
 d - 3 throwing nets (quivered)
Armour
 b - a +0 leather armour (worn)
 c - a +0 helmet
Jewellery
 r - a ring of flight (left hand)
Scrolls
 i - 2 scrolls of magic mapping {unknown}
 k - 2 scrolls of teleportation {unknown}
 m - 2 scrolls of enchant armour {unknown}
 n - a scroll of remove curse {unknown}
 o - a scroll of random uselessness {unknown}
 p - 3 scrolls of identify {unknown}
 s - 2 scrolls of enchant weapon {unknown}
 w - a scroll of fog {unknown}
Potions
 e - 2 potions of haste {unknown}
 g - a potion of curing {unknown}
 l - a potion of might {unknown}
 q - a potion of heal wounds {unknown}
 t - a potion of agility {unknown}
 u - a potion of invisibility {unknown}
Comestibles
 f - a bread ration
 h - a meat ration
 j - 7 fruits
 v - 2 chunks of flesh


   Skills:
 + Level 2.6 Fighting
 + Level 4.1 Axes
 + Level 1.8 Throwing
 + Level 1.3 Armour
 + Level 3.1 Dodging
 + Level 0.2 Stealth


You had 3 spell levels left.
You didn't know any spells.

Dungeon Overview and Level Annotations

Branches:
Dungeon (4/15)
 Temple: D:4-7

Altars:
Elyvilon
Hepliaklqana
Ru


Innate Abilities, Weirdness & Mutations

You have a pair of small antennae on your head.


Message History

You feel sick.
You feel sick.
You are no longer poisoned.
You open the door.
A worker ant comes into view.
The worker ant twitches its antennae in your direction.
Found a sedimented coppery potion.
There is an open door here.
You completely miss the worker ant. The worker ant bites you!
* * * LOW HITPOINT WARNING * * *
You hit the worker ant.
The worker ant is moderately wounded.
The worker ant barely misses you. The worker ant bites you.
* * * LOW HITPOINT WARNING * * *
You hit the worker ant but do no damage.
The worker ant is moderately wounded.
The worker ant bites you.
* * * LOW HITPOINT WARNING * * *
The worker ant bites you.
You die...

# ## .#
..#####.#
.......
.....####
######........
#..........!..
#.....@a......
#.............
#######'###....
#...# #.# ...
#...# #.# .
########...# #.#
#..........###.#
######........##
#......##.####


You could see a worker ant.

Vanquished Creatures
  A bullfrog zombie (D:3)
  4 adders
  A worm (D:2)
  A dart slug (D:3)
  A leopard gecko (D:1)
  A giant cockroach (D:2)
  12 goblins
  11 hobgoblins
  5 kobolds
  2 ball pythons
  8 bats
  5 rats
52 creatures vanquished.

Notes
Turn   | Place    | Note
-------+----------+-------------------------------------------
     0 | D:1      | slep the Demonspawn Gladiator began the quest for the Orb.
     0 | D:1      | Reached XP level 1. HP: 16/16 MP: 1/1
   197 | D:1      | Reached skill level 3 in Axes
   206 | D:1      | Gained mutation: You have a pair of small antennae on your head. [demonic ancestry]
   206 | D:1      | Reached XP level 2. HP: 16/22 MP: 2/2
   599 | D:1      | Reached XP level 3. HP: 13/28 MP: 3/3
  1185 | D:2      | Found a white marble altar of Elyvilon.
  1276 | D:2      | Reached XP level 4. HP: 3/34 MP: 4/4
  2030 | D:3      | Reached skill level 4 in Axes
  2030 | D:3      | Reached skill level 1 in Armour
  2257 | D:3      | Found a sacrificial altar of Ru.
  2262 | D:3      | Found a hazy altar of Hepliaklqana.
  2485 | D:4      | Slain by a worker ant

Vault maps used:
D:1:      sevenhm_arrival_forest_fort_large_4
D:2:      nicolae_overflow_crystal_walls, minmay_heptomino_l4
D:3:      amethyst_overflow_temple_binary, minmay_misc_feat_iff, tgw_xom,
          uniq_jessica
D:4:      kennysheep_little_box, cheibrodos_gnoll_hut, uniq_eustachio

Skill      XL: |  1  2  3  4 |
---------------+-------------+-----
Axes           | 3 4 |  4.1
Dodging        | 3 |  3.1
Armour         | 1 |  1.3
Fighting       | |  2.6
Throwing       | |  1.8
Stealth        | |  0.2

Action                   |  1- 3 |  4- 6 || total
-------------------------+-------+-------++-------
Melee: War axe           |   140 |    48 ||   188
 Stab: Sleeping          |     1 |     1 ||     2
  Eat: Chunk             |     1 |     4 ||     5
Armor: Leather armour    |    44 |     5 ||    49
Dodge: Dodged            |   115 |    34 ||   149

Table legend:
 A = Spawn XP
 B = Non-spawn XP
 C = Spawn XP percentage of total XP
 D = Spawn monster count
 E = Non-spawn monster count
 F = Spawn count percentage of total count
 G = Total turns spent on level
                    A         B        C        D         E        F      G
               +---------+---------+-------+---------+---------+-------+---------
         Total |       0 |     182 |   0.0 |       0 |      52 |   0.0 |  2485
               +---------+---------+-------+---------+---------+-------+---------
           D:1 |       0 |      42 |   0.0 |       0 |      24 |   0.0 |   925
           D:2 |       0 |      68 |   0.0 |       0 |      19 |   0.0 |   932
           D:3 |       0 |      57 |   0.0 |       0 |       7 |   0.0 |   533
           D:4 |       0 |      15 |   0.0 |       0 |       2 |   0.0 |    95
               +---------+---------+-------+---------+---------+-------+---------
